[Event "Team 45 45 League T92"]
[Site "Internet Chess Club"]
[Date "2022.05.22"]
[Round "6"]
[White "fishhead"]
[Black "BuddyT"]
[Result "1/2-1/2"]
[WhiteElo "1717"]
[BlackElo "1571"]
[Opening "Sicilian: Anderssen variation"]
[ECO "B41"]
[Time "18:00:31"]
[PlyCount "130"]
[TimeControl "2700+45"]

1. e4 c5 2. Nf3 e6 3. d4 cxd4 4. Nxd4 Nf6 5. Bd3 Nc6 6. Nxc6 bxc6 7. O-O Be7 8.
e5 Nd5 9. c4 Nb4 10. Be4 O-O 11. a3 Na6 12. Nc3 Nc5 13. Bc2 a5 14. Be3 d5 15.
exd6 Qxd6 16. b4 axb4 17. axb4 Rxa1 18. Qxa1 Nd7 19. c5 Qb8 20. Rb1 Nf6 21. g3
Rd8 22. Bf4 e5 23. Bg5 h6 24. Bxf6 Bxf6 25. Ne4 Be7 26. Qc3 Be6 27. Bb3 Bf5 28.
Bc2 Be6 29. Rd1 Bd5 30. Nd2 Bf6 31. Rb1 Qb5 32. Ne4 Bxe4 33. Bxe4 Rd4 34. Bg2 e4
35. Qa3 Qd3 36. Qxd3 exd3 37. Bxc6 d2 38. Bf3 Rc4 39. Rd1 Rxb4 40. Rxd2 Rd4 41.
Rc2 Rd7 42. c6 Rc7 43. Bd5 Kf8 44. Kg2 Ke7 45. f4 Bd4 46. Rc4 Ba7 47. Be4 Kd6
48. Rc2 Re7 49. Bf3 g6 50. Rd2+ Kc7 51. Rb2 Bb6 52. g4 g5 53. Kg3 Be3 54. fxg5
hxg5 55. h4 Bf4+ 56. Kh3 gxh4 57. Kxh4 Re3 58. Rb7+ Kc8 59. Bd5 Re2 60. g5 Bxg5+
61. Kxg5 Re5+ 62. Kf6 Rxd5 63. Ke7 Rc5 64. Kd6 Rc1 65. Rxf7 Rd1+ {Game drawn by
mutual agreement} 1/2-1/2

[Event "Team 45 45 League T92"]
[Site "Internet Chess Club"]
[Date "2022.05.22"]
[Round "6"]
[White "VictorRed"]
[Black "liujf"]
[Result "1-0"]
[WhiteElo "1700"]
[BlackElo "1558"]
[Opening "French defense"]
[ECO "A04"]
[Time "20:04:23"]
[PlyCount "45"]
[TimeControl "2700+45"]

1. Nf3 e6 2. e4 d5 3. exd5 exd5 4. d4 Nf6 5. Bg5 Bb4+ 6. c3 Be7 7. Nbd2 O-O 8.
Bd3 Re8 9. O-O Ne4 10. Bxe7 Rxe7 11. Qc2 Bf5 12. Nh4 Nxd2 13. Nxf5 Nxf1 14.
Nxe7+ Qxe7 15. Bxh7+ Kh8 16. Kxf1 g6 17. Bxg6 fxg6 18. Qxg6 Nd7 19. Re1 Qf8 20.
Re3 Qg7 21. Qh5+ Qh7 22. Qxh7+ Kxh7 23. Re7+ {Black resigns} 1-0

[Event "Team 45 45 League T92"]
[Site "Internet Chess Club"]
[Date "2022.05.19"]
[Round "6"]
[White "fvafier"]
[Black "kabindra"]
[Result "0-1"]
[WhiteElo "1508"]
[BlackElo "1726"]
[Opening "Réti: King's Indian attack (Barcza system)"]
[ECO "A07"]
[Time "15:00:09"]
[PlyCount "74"]
[TimeControl "2700+45"]

1. Nf3 d5 2. g3 Nc6 3. Bg2 Bf5 4. O-O Qd7 5. d3 Bh3 6. e4 Bxg2 7. Kxg2 O-O-O 8.
Nbd2 dxe4 9. dxe4 e5 10. a4 f6 11. a5 a6 12. c3 g5 13. b4 Na7 14. Qb3 h5 15. h3
g4 16. Nh4 gxh3+ 17. Kh2 Nh6 18. Ndf3 Ng4+ 19. Kh1 Qd3 20. Qe6+ Kb8 21. Bd2 Qe2
22. Be3 Bd6 23. Qa2 Qd3 24. Qd2 Qxe4 25. Qe2 Qc6 26. c4 Bxb4 27. Rfb1 Bc5 28.
Bxc5 Qxc5 29. Qb2 Nxf2+ 30. Kh2 Ng4+ 31. Kxh3 Qc6 32. Ra3 Ka8 33. Rb3 Rb8 34.
Nf5 Nc8 35. Qc2 Nd6 36. Ne7 Qd7 37. Qg2 Ne3+ {White resigns} 0-1

[Event "Team 45 45 League T92"]
[Site "Internet Chess Club"]
[Date "2022.05.19"]
[Round "6"]
[White "room-matt"]
[Black "cadmiumorange"]
[Result "1/2-1/2"]
[WhiteElo "1802"]
[BlackElo "1805"]
[Opening "Scandinavian defense"]
[ECO "B01"]
[Time "14:32:20"]
[PlyCount "90"]
[TimeControl "2700+45"]

1. e4 d5 2. exd5 Nf6 3. Bb5+ Nbd7 4. Nf3 Nxd5 5. d4 c6 6. Be2 Qc7 7. O-O e6 8.
c4 Nf4 9. Re1 Nxe2+ 10. Qxe2 Be7 11. Nc3 O-O 12. Bg5 Bxg5 13. Nxg5 h6 14. Nge4
e5 15. Red1 f5 16. Ng3 e4 17. d5 Qe5 18. Rac1 Nf6 19. d6 Bd7 20. c5 Rae8 21. b4
f4 22. Nf1 Bg4 23. Qc4+ Be6 24. Qd4 Bd5 25. Nxd5 Nxd5 26. Rc4 e3 27. fxe3 fxe3
28. Re1 e2 29. Ng3 Qe3+ 30. Qxe3 Nxe3 31. Rc3 Nd5 32. Rc2 Nxb4 33. Rcxe2 Rxe2
34. Rxe2 Nd3 35. Ne4 Nf4 36. Rd2 Nd5 37. g3 b6 38. a3 bxc5 39. Nxc5 Rd8 40. d7
Kf7 41. Kf2 Nf6 42. h3 Ke7 43. Re2+ Kf7 44. Rd2 Ke7 45. Re2+ Kf7 {Game drawn by
mutual agreement} 1/2-1/2

[Event "Team 45 45 League T92"]
[Site "Internet Chess Club"]
[Date "2022.05.22"]
[Round "6"]
[White "hipopotamos"]
[Black "KidRattler"]
[Result "1-0"]
[WhiteElo "1719"]
[BlackElo "1682"]
[Opening "Scandinavian (center counter) defense"]
[ECO "B01"]
[Time "14:01:32"]
[PlyCount "71"]
[TimeControl "2700+45"]

1. e4 d5 2. exd5 Qxd5 3. Nc3 Qd8 4. Nf3 Nf6 5. Bc4 a6 6. O-O c5 7. a4 Nc6 8. d3
Bf5 9. Re1 e6 10. h3 Be7 11. Nh4 Bg6 12. Nxg6 hxg6 13. Bf4 O-O 14. Rc1 Nd4 15.
Ne2 Nxe2+ 16. Qxe2 Nd5 17. Bh2 Bf6 18. c3 Qa5 19. Bb3 Rad8 20. Qg4 b5 21. Re4 b4
22. Be5 Bxe5 23. Rxe5 bxc3 24. bxc3 Nxc3 25. Rxe6 fxe6 26. Bxe6+ Rf7 27. Qc4
Ne2+ 28. Kf1 Nxc1 29. Bxf7+ Kf8 30. Bxg6 Qc7 31. Qxc1 Rd4 32. Qe3 Qe7 33. Qg3
Qb7 34. Kg1 Rxa4 35. Qd6+ Kg8 36. Qd8# {Black checkmated} 1-0

[Event "Team 45 45 League T92"]
[Site "Internet Chess Club"]
[Date "2022.05.24"]
[Round "6"]
[White "fireball"]
[Black "evan7284"]
[Result "1-0"]
[WhiteElo "1555"]
[BlackElo "1589"]
[Opening "KGA: bishop's gambit"]
[ECO "C33"]
[Time "14:34:35"]
[PlyCount "26"]
[TimeControl "2700+45"]

1. e4 e5 2. f4 exf4 3. Bc4 Qh4+ 4. Kf1 d6 5. Nf3 Qg4 6. Nc3 c6 7. d4 Be7 8. h3
Qh5 9. Bxf4 Nd7 10. e5 d5 11. g4 Qg6 12. Bd3 f5 13. Bxf5 Qf7 {Black resigns} 1-0

[Event "Team 45 45 League T92"]
[Site "Internet Chess Club"]
[Date "2022.05.18"]
[Round "6"]
[White "HomerSimpson"]
[Black "Dlugy"]
[Result "0-1"]
[WhiteElo "2007"]
[BlackElo "2030"]
[Opening "Queen's pawn, Mason variation, Steinitz counter-gambit"]
[ECO "D00"]
[Time "23:11:01"]
[PlyCount "98"]
[TimeControl "2700+45"]

1. d4 d5 2. Bf4 c5 3. e3 Nc6 4. c3 Bf5 5. Qb3 Qd7 6. Nf3 e6 7. Bb5 f6 8. O-O g5
9. Bg3 h5 10. h4 g4 11. Nfd2 c4 12. Qd1 a6 13. Ba4 b5 14. Bc2 Bxc2 15. Qxc2 f5
16. a4 Rc8 17. axb5 axb5 18. b4 Bd6 19. Bxd6 Qxd6 20. g3 Nge7 21. Ra6 Kf7 22.
Qa2 Qc7 23. Na3 Qb7 24. Nc2 Ra8 25. Ra1 Rxa6 26. Qxa6 Qxa6 27. Rxa6 Rb8 28. Nb1
Ke8 29. Ne1 Kd7 30. Ng2 Ng6 31. Kf1 Kc7 32. Ke2 Kb7 33. Ra2 Ra8 34. Rxa8 Kxa8
35. Na3 Na7 36. Nf4 Nxf4+ 37. exf4 Kb7 38. f3 Kc6 39. fxg4 fxg4 40. Nc2 Nc8 41.
f5 exf5 42. Ke3 Nd6 43. Kf4 Ne4 44. Kxf5 Nxg3+ 45. Kg5 Ne4+ 46. Kxh5 g3 47. Ne3
Nxc3 48. Kg4 Nd1 49. Ng2 c3 {White resigns} 0-1

[Event "Team 45 45 League T92"]
[Site "Internet Chess Club"]
[Date "2022.05.20"]
[Round "6"]
[White "BRJAK0530"]
[Black "laurenpar"]
[Result "1-0"]
[WhiteElo "1832"]
[BlackElo "1896"]
[Opening "French: Schlechter variation"]
[ECO "C01"]
[Time "22:06:08"]
[PlyCount "73"]
[TimeControl "2700+45"]

1. e4 e6 2. d4 d5 3. Bd3 dxe4 4. Bxe4 Nf6 5. Bf3 c5 6. Ne2 Nc6 7. Be3 cxd4 8.
Nxd4 Ne5 9. Nc3 a6 10. Qe2 Nxf3+ 11. Qxf3 e5 12. Nb3 Be7 13. O-O O-O 14. a4 Qc7
15. a5 Bd7 16. Bb6 Qc6 17. Qe2 Bd6 18. Rad1 Rfe8 19. Nd2 Rac8 20. Nde4 Nxe4 21.
Qxe4 Bb8 22. Qe3 Bf5 23. Rd2 Qg6 24. Rc1 h6 25. f3 e4 26. f4 Qg4 27. Rf1 h5 28.
Nd5 Be6 29. Qxe4 Bf5 30. Ne7+ Kf8 31. Qxf5 Rxe7 32. Qh7 f6 33. h3 Qe6 34. Qxh5
Bxf4 35. Rxf4 Qe1+ 36. Rf1 Qxd2 37. Qh8+ {Black resigns} 1-0

[Event "Team 45 45 League T92"]
[Site "Internet Chess Club"]
[Date "2022.05.23"]
[Round "6"]
[White "fishhead"]
[Black "pmarcal"]
[Result "0-1"]
[WhiteElo "1701"]
[BlackElo "1737"]
[Opening "Sicilian: dragon variation"]
[ECO "B70"]
[Time "20:04:13"]
[PlyCount "74"]
[TimeControl "2700+45"]

1. e4 c5 2. Nf3 d6 3. d4 cxd4 4. Nxd4 Nf6 5. Nc3 g6 6. Bc4 Bg7 7. Bg5 O-O 8. Qd2
Nc6 9. Nxc6 bxc6 10. Bb3 Ba6 11. f3 c5 12. O-O-O Rb8 13. Bh6 Bxh6 14. Qxh6 Qb6
15. Na4 Qb4 16. a3 Qb5 17. Nc3 Qb7 18. Na4 Bb5 19. Nc3 c4 20. Ba2 Bd7 21. b3
Rfc8 22. Kb2 Be6 23. b4 a5 24. b5 a4 25. Rb1 d5 26. Ka1 Qa7 27. Qd2 d4 28. Ne2
Rd8 29. Rb4 d3 30. Nc3 Qc5 31. Rhb1 Qe5 32. g3 dxc2 33. Qxc2 Rd3 34. Rc1 Rxf3
35. Kb1 Re3 36. Rxa4 Nxe4 37. Nxe4 Bf5 {White resigns} 0-1

[Event "Team 45 45 League T92"]
[Site "Internet Chess Club"]
[Date "2022.05.22"]
[Round "6"]
[White "mmesser"]
[Black "walkover"]
[Result "1/2-1/2"]
[WhiteElo "1684"]
[BlackElo "1670"]
[Opening "QGD: 4.Nf3"]
[ECO "D37"]
[Time "14:02:01"]
[PlyCount "118"]
[TimeControl "2700+45"]

1. d4 Nf6 2. Nf3 d5 3. c4 e6 4. Nc3 a6 5. g3 dxc4 6. Qa4+ b5 7. Qc2 Bb7 8. Bg2
c5 9. dxc5 Bxc5 10. O-O O-O 11. Bg5 Nbd7 12. Rad1 Qb6 13. e3 h6 14. Bf4 Rfe8 15.
Ne5 Nxe5 16. Bxe5 Bxg2 17. Kxg2 Qc6+ 18. Kg1 Nd7 19. Bd4 e5 20. Bxc5 Nxc5 21.
Rd2 Rad8 22. Rfd1 Rd3 23. Rxd3 cxd3 24. Qc1 e4 25. Nb1 Rc8 26. Qc3 Qe6 27. Rc1
b4 28. Qxb4 Nb7 29. Nc3 Qc6 30. Rd1 Nd6 31. Kg2 f5 32. Qb3+ Qc4 33. Qb6 Nb5 34.
Qxa6 Nxc3 35. Qxc4+ Rxc4 36. bxc3 Rxc3 37. Ra1 Ra3 38. Kf1 Kf7 39. Ke1 g5 40.
Kd2 Ke6 41. Kc1 Kd5 42. Kb2 Ra5 43. a4 Kc4 44. Rc1+ Kb4 45. Rc6 Rc5 46. Rxh6
Rc2+ 47. Kb1 Rxf2 48. Kc1 Kxa4 49. h4 gxh4 50. gxh4 f4 51. Re6 Rc2+ 52. Kd1 fxe3
53. Rxe4+ Kb5 54. Rxe3 Rh2 55. Re4 Kc5 56. Rg4 Kd5 57. Ra4 Ke6 58. Rd4 Ke5 59.
Rxd3 Rxh4 {Game drawn by mutual agreement} 1/2-1/2

[Event "Team 45 45 League T92"]
[Site "Internet Chess Club"]
[Date "2022.05.29"]
[Round "6"]
[White "Sloggi"]
[Black "janh"]
[Result "1-0"]
[WhiteElo "2025"]
[BlackElo "1925"]
[Opening "QGD: classical variation (5.Bf4)"]
[ECO "D37"]
[Time "22:06:02"]
[PlyCount "47"]
[TimeControl "2700+45"]

1. d4 d5 2. c4 e6 3. Nc3 Nf6 4. Nf3 Be7 5. Bf4 O-O 6. e3 b6 7. cxd5 Nxd5 8. Nxd5
exd5 9. Bd3 c5 10. Ne5 cxd4 11. exd4 Bb4+ 12. Kf1 Qf6 13. Qh5 g6 14. Qf3 Nd7 15.
h4 Nxe5 16. dxe5 Qe6 17. h5 Qg4 18. Qxg4 Bxg4 19. Bh6 Rfe8 20. hxg6 fxg6 21. Rh4
Rxe5 22. Rxg4 Rh5 23. Ke2 Re8+ 24. Be3 {Black resigns} 1-0

[Event "Team 45 45 League T92"]
[Site "Internet Chess Club"]
[Date "2022.05.22"]
[Round "6"]
[White "primerpaso"]
[Black "gera-carp75"]
[Result "1/2-1/2"]
[WhiteElo "1884"]
[BlackElo "1816"]
[Opening "English: symmetrical, Rubinstein system"]
[ECO "A34"]
[Time "15:08:52"]
[PlyCount "81"]
[TimeControl "2700+45"]

1. c4 c5 2. Nc3 Nf6 3. g3 d5 4. cxd5 Nxd5 5. Bg2 Nc7 6. Nf3 Nc6 7. O-O e5 8. d3
Be7 9. Bd2 Be6 10. Rc1 O-O 11. b3 f6 12. Qc2 Qd7 13. Na4 Na6 14. Qb2 Rac8 15.
Rfd1 Nd4 16. Be1 Bg4 17. Nc3 Nxf3+ 18. exf3 Bh3 19. Bh1 Rfd8 20. Ne2 g5 21. Rc3
Nc7 22. Nc1 Ne6 23. Bd2 Nd4 24. Be3 Qf5 25. Bxd4 cxd4 26. Rxc8 Rxc8 27. Ne2 h5
28. Qd2 b6 29. Nc1 a5 30. Qe2 Ba3 31. Qe1 Rc2 32. Bg2 Bxg2 33. Kxg2 Bxc1 34.
Rxc1 Qxd3 35. Rd1 Qf5 36. Rxd4 exd4 37. Qe8+ Kg7 38. Qe7+ Kh8 39. Qf8+ Kh7 40.
Qf7+ Kh6 41. Qf8+ {Game drawn by mutual agreement} 1/2-1/2

[Event "Team 45 45 League T92"]
[Site "Internet Chess Club"]
[Date "2022.05.21"]
[Round "6"]
[White "cadmiumorange"]
[Black "LookImYourVader"]
[Result "0-1"]
[WhiteElo "1786"]
[BlackElo "1764"]
[Opening "English: symmetrical variation"]
[ECO "A16"]
[Time "15:00:25"]
[PlyCount "92"]
[TimeControl "2700+45"]

1. c4 Nf6 2. Nc3 c5 3. g3 g6 4. Bg2 Bg7 5. e4 Nc6 6. Nge2 O-O 7. O-O d6 8. d3 e5
9. h3 Nh5 10. Be3 f5 11. Qd2 fxe4 12. dxe4 Nd4 13. f4 Be6 14. Bxd4 cxd4 15. Nd5
Qd7 16. f5 Bxd5 17. cxd5 gxf5 18. exf5 Qb5 19. a4 Qb6 20. Kh2 h6 21. g4 Nf6 22.
Ng3 Rac8 23. Be4 Qb3 24. Rac1 Rxc1 25. Qxc1 Nxd5 26. Rf3 Ne3 27. Nf1 d5 28. Nd2
Qxa4 29. Rxe3 dxe3 30. Bxd5+ Kh8 31. Ne4 Qd7 32. Qxe3 Qxd5 33. f6 Qd4 34. fxg7+
Kxg7 35. Qxd4 exd4 36. Kg3 Rc8 37. Nd6 Rc2 38. Nf5+ Kh7 39. Nxd4 Rxb2 40. h4 a5
41. Kf4 a4 42. Ne6 Rb4+ 43. Kf5 Rb5+ 44. Kf4 Rb6 45. Nc5 a3 46. Nd7 Rd6 {White
resigns} 0-1

[Event "Team 45 45 League T92"]
[Site "Internet Chess Club"]
[Date "2022.05.22"]
[Round "6"]
[White "cyborg86"]
[Black "achessman"]
[Result "1-0"]
[WhiteElo "2269"]
[BlackElo "1841"]
[Opening "Caro-Kann: anti-anti-Caro-Kann defense"]
[ECO "B10"]
[Time "10:03:57"]
[PlyCount "47"]
[TimeControl "2700+45"]

1. e4 c6 2. c4 d5 3. cxd5 cxd5 4. exd5 Nf6 5. Nc3 Nxd5 6. Nf3 Nc6 7. Bb5 Nxc3 8.
bxc3 Bd7 9. d4 g6 10. O-O Qa5 11. Qb3 Bg7 12. d5 Nb8 13. Bxd7+ Nxd7 14. Qxb7 Qd8
15. Bg5 O-O 16. d6 f6 17. Rad1 e5 18. Be3 Qc8 19. Qd5+ Kh8 20. c4 Nb6 21. d7 Qc7
22. Qe6 Qxc4 23. Qxc4 Nxc4 24. Bc5 {Black resigns} 1-0

[Event "Team 45 45 League T92"]
[Site "Internet Chess Club"]
[Date "2022.05.20"]
[Round "6"]
[White "ElValero"]
[Black "timcent"]
[Result "1-0"]
[WhiteElo "1790"]
[BlackElo "1842"]
[Opening "English: symmetrical variation"]
[ECO "A33"]
[Time "11:00:08"]
[PlyCount "111"]
[TimeControl "2700+45"]

1. Nf3 Nf6 2. c4 e6 3. d4 c5 4. Nc3 cxd4 5. Nxd4 Nc6 6. e3 Be7 7. Be2 O-O 8. O-O
d5 9. cxd5 exd5 10. b3 Be6 11. Bb2 Qd7 12. Rc1 Rac8 13. Na4 Ne4 14. f3 Nf6 15.
Nc5 Bxc5 16. Rxc5 Rfe8 17. Nxc6 Rxc6 18. Rxc6 bxc6 19. Bxf6 gxf6 20. Qd4 Qe7 21.
Rc1 Rc8 22. Bd3 f5 23. Rc5 Rc7 24. b4 Bc8 25. Kf2 f6 26. b5 Qd6 27. bxc6 Rxc6
28. Qxd5+ Qxd5 29. Rxd5 Be6 30. Ra5 Rc7 31. Kg3 Rc3 32. Bxf5 Bxf5 33. Rxf5 Rxe3
34. Ra5 Re7 35. Kf4 Kf7 36. Kf5 Rb7 37. a4 Rc7 38. f4 Rd7 39. g4 Rc7 40. h4 h6
41. Rb5 Ke7 42. a5 a6 43. Rb6 Rc5+ 44. Kg6 Rxa5 45. Rxf6 Ra1 46. Rf7+ Ke8 47.
Ra7 a5 48. f5 Rg1 49. g5 hxg5 50. hxg5 a4 51. Rxa4 Rf1 52. f6 Rf2 53. Ra8+ Kd7
54. Kg7 Rf1 55. g6 Ke6 56. f7 {Black resigns} 1-0

[Event "Team 45 45 League T92"]
[Site "Internet Chess Club"]
[Date "2022.05.19"]
[Round "6"]
[White "Portola"]
[Black "mnpaulson"]
[Result "1/2-1/2"]
[WhiteElo "1693"]
[BlackElo "1541"]
[Opening "Torre attack (Tartakower variation)"]
[ECO "D03"]
[Time "08:13:46"]
[PlyCount "70"]
[TimeControl "2700+45"]

1. d4 d5 2. Nf3 Nf6 3. Bg5 h6 4. Bh4 c6 5. c3 Bf5 6. e3 Nbd7 7. Nbd2 e6 8. Be2
Be7 9. O-O O-O 10. Bg3 a5 11. a4 Re8 12. h3 c5 13. Bb5 Qb6 14. Ne5 Red8 15. Re1
cxd4 16. exd4 Nxe5 17. Bxe5 Nd7 18. Bg3 Rac8 19. Qb3 Bg5 20. Bxd7 Qxb3 21. Nxb3
Rxd7 22. Nxa5 Bc2 23. Ra3 Be7 24. b4 b6 25. Rc1 bxa5 26. Rxc2 axb4 27. Rb3 Ra7
28. Bf4 Rxa4 29. Rc1 Ra3 30. Rxa3 bxa3 31. Rc2 Rc4 32. Bd2 Kf8 33. Ra2 Ke8 34.
Kf1 Rc7 35. Ke2 Rb7 {Game drawn by mutual agreement} 1/2-1/2

[Event "Team 45 45 League T92"]
[Site "Internet Chess Club"]
[Date "2022.05.22"]
[Round "6"]
[White "WillC"]
[Black "ElValero"]
[Result "0-1"]
[WhiteElo "1542"]
[BlackElo "1796"]
[Opening "Queen's pawn"]
[ECO "A40"]
[Time "10:00:38"]
[PlyCount "70"]
[TimeControl "2700+45"]

1. d4 e6 2. Nf3 f5 3. g3 b6 4. Bg2 Bb7 5. Bg5 Nf6 6. c4 Bb4+ 7. Nbd2 O-O 8. O-O
h6 9. Bxf6 Qxf6 10. a3 Bxd2 11. Qxd2 d6 12. Rac1 Nd7 13. e3 Be4 14. Ne1 Bxg2 15.
Nxg2 e5 16. f4 e4 17. b4 Qf7 18. d5 Nf6 19. Qe2 a5 20. Ra1 axb4 21. axb4 b5 22.
cxb5 Qxd5 23. Rfd1 Rxa1 24. Rxa1 Rb8 25. Rc1 Qxb5 26. Qa2+ Qd5 27. Qa7 Rxb4 28.
Qxc7 Rb2 29. Qc4 Qxc4 30. Rxc4 Rb1+ 31. Kf2 Ng4+ 32. Ke2 Rb2+ 33. Kf1 Nxh2+ 34.
Kg1 Nf3+ 35. Kf1 Nd2+ {White resigns} 0-1

[Event "Team 45 45 League T92"]
[Site "Internet Chess Club"]
[Date "2022.05.22"]
[Round "6"]
[White "kabindra"]
[Black "RD1974"]
[Result "0-1"]
[WhiteElo "1646"]
[BlackElo "1612"]
[Opening "Sicilian: closed"]
[ECO "B23"]
[Time "18:30:43"]
[PlyCount "92"]
[TimeControl "2700+45"]

1. e4 c5 2. Nc3 e6 3. Bc4 Nc6 4. f4 a6 5. a4 Qc7 6. d3 Rb8 7. Nf3 Na5 8. Ba2 b5
9. axb5 axb5 10. O-O c4 11. dxc4 b4 12. Nb5 Qb6+ 13. Kh1 Ba6 14. Qe2 Bc5 15. f5
Nf6 16. fxe6 dxe6 17. Bf4 Rd8 18. Bg5 h6 19. Bxf6 gxf6 20. e5 b3 21. cxb3 f5 22.
Rad1 Bxb5 23. cxb5 Be7 24. Rxd8+ Bxd8 25. b4 Nb7 26. Bc4 Be7 27. Qd2 h5 28. Rd1
Qc7 29. Ra1 Qxc4 30. Rc1 Qxb5 31. Nd4 Qd5 32. Rc7 Nd8 33. Qc3 Rg8 34. Nf3 Qd1+
35. Ng1 Qg4 36. Qc2 Bxb4 37. Rc4 Qg7 38. Rxb4 Qxe5 39. Nf3 Qf6 40. Rb8 Qe7 41.
Ne5 Qd6 42. Nc6 Kd7 43. Qa4 Qxc6 44. Qd4+ Qd6 45. Qa4+ Ke7 46. Qh4+ f6 {White
resigns} 0-1

[Event "Team 45 45 League T92"]
[Site "Internet Chess Club"]
[Date "2022.05.23"]
[Round "6"]
[White "cobrabrava"]
[Black "jjmolina1"]
[Result "1-0"]
[WhiteElo "1405"]
[BlackElo "1463"]
[Opening "King's pawn game"]
[ECO "C50"]
[Time "15:00:42"]
[PlyCount "29"]
[TimeControl "2700+45"]

1. e4 e5 2. Nf3 Nc6 3. Bc4 Bd6 4. O-O Nf6 5. Nc3 Nd4 6. Nxd4 exd4 7. Nb5 Bc5 8.
e5 Ne4 9. Qf3 f5 10. Qxf5 d5 11. Qh5+ g6 12. Qh6 Ng5 13. Qg7 Nf7 14. Bxd5 Qe7
15. Bxf7+ {Black resigns} 1-0

[Event "Team 45 45 League T92"]
[Site "Internet Chess Club"]
[Date "2022.05.19"]
[Round "6"]
[White "isolani"]
[Black "sdcohle"]
[Result "1/2-1/2"]
[WhiteElo "1304"]
[BlackElo "1352"]
[Opening "Queen's pawn game"]
[ECO "D02"]
[Time "17:38:35"]
[PlyCount "59"]
[TimeControl "2700+45"]

1. d4 d5 2. Nf3 c6 3. Nc3 Nf6 4. Bf4 e6 5. e3 Bd6 6. Bxd6 Qxd6 7. Be2 O-O 8. O-O
Nbd7 9. Nd2 e5 10. f3 exd4 11. exd4 Re8 12. Re1 b6 13. Nf1 a6 14. Ng3 Nf8 15.
Qd2 Ng6 16. Bf1 Bd7 17. Rxe8+ Nxe8 18. Re1 Nf6 19. Bd3 Nf4 20. Nce2 Nxd3 21.
Qxd3 b5 22. Nf5 Bxf5 23. Qxf5 Re8 24. g3 Qb4 25. Kf2 Qe7 26. Qd3 Qe6 27. Qd2 Qh3
28. Kg1 Qf5 29. Kg2 Qe6 30. Kf2 {Game drawn by mutual agreement} 1/2-1/2

[Event "Team 45 45 League T92"]
[Site "Internet Chess Club"]
[Date "2022.05.23"]
[Round "6"]
[White "Chess4Him"]
[Black "Electryon"]
[Result "1-0"]
[WhiteElo "1477"]
[BlackElo "1410"]
[Opening "Dutch: classical variation"]
[ECO "A96"]
[Time "11:02:39"]
[PlyCount "75"]
[TimeControl "2700+45"]

1. d4 e6 2. Nf3 f5 3. g3 Nf6 4. Bg2 Be7 5. c4 O-O 6. O-O d6 7. Nc3 Ne4 8. Qc2
Nxc3 9. Qxc3 a5 10. b3 Bf6 11. Bb2 Nc6 12. e3 e5 13. dxe5 dxe5 14. Rad1 Qe8 15.
a3 e4 16. Nd4 Nxd4 17. exd4 c5 18. Qe3 b5 19. Qe2 Ba6 20. Rfe1 bxc4 21. bxc4 Rb8
22. Bf1 Qa4 23. Rd2 cxd4 24. Bxd4 Bxd4 25. Rxd4 Qxa3 26. Qd1 Qb3 27. Qa1 a4 28.
Rd7 Rf7 29. Red1 Bxc4 30. Bxc4 Qxc4 31. Rxf7 Qxf7 32. Qxa4 Qc7 33. Rd7 Qe5 34.
Qc4+ Kh8 35. Rc7 h6 36. Qf7 Rg8 37. Re7 Qd5 38. Qxd5 {Black resigns} 1-0

[Event "Team 45 45 League T92"]
[Site "Internet Chess Club"]
[Date "2022.05.21"]
[Round "6"]
[White "DaveTheRook"]
[Black "BrerRabbit"]
[Result "1/2-1/2"]
[WhiteElo "1384"]
[BlackElo "1385"]
[Opening "Queen's pawn game"]
[ECO "D02"]
[Time "19:01:43"]
[PlyCount "72"]
[TimeControl "2700+45"]

1. Nf3 d5 2. d4 c6 3. c3 Bf5 4. Bf4 Qb6 5. Qb3 Nf6 6. h3 h6 7. e3 Nbd7 8. Nbd2
e6 9. Be2 Be7 10. O-O O-O 11. Rfe1 Rac8 12. Ne5 c5 13. Nxd7 Nxd7 14. dxc5 Bxc5
15. Qxb6 Bxb6 16. Nb3 Nf6 17. Rac1 Rfd8 18. Bg3 Ne4 19. Be5 Bc7 20. Bxc7 Rxc7
21. Red1 Nd6 22. Nd2 Rdc8 23. Kf1 Kf8 24. Ke1 Ke7 25. Bf1 b5 26. a3 a5 27. Nb3
Ra8 28. Nd4 Rb8 29. Nxf5+ Nxf5 30. Rd2 Nd6 31. Rdc2 Rbc8 32. Kd2 Ne4+ 33. Ke1
Nd6 34. Kd2 Nc4+ 35. Ke1 Nd6 36. Kd2 Ne4+ {Game drawn by mutual agreement}
1/2-1/2

[Event "Team 45 45 League T92"]
[Site "Internet Chess Club"]
[Date "2022.05.21"]
[Round "6"]
[White "Ostap-Bender"]
[Black "grekor"]
[Result "0-1"]
[WhiteElo "1228"]
[BlackElo "1165"]
[Opening "Queen's pawn: English defense"]
[ECO "A40"]
[Time "13:00:42"]
[PlyCount "70"]
[TimeControl "2700+45"]

1. d4 b6 2. e4 Bb7 3. Bd3 e6 4. c4 Nf6 5. Nc3 Bb4 6. f3 c5 7. a3 Bxc3+ 8. bxc3
Nc6 9. Ne2 cxd4 10. cxd4 d5 11. cxd5 exd5 12. e5 Nd7 13. O-O O-O 14. Bd2 Rc8 15.
Qb3 Ndb8 16. Rac1 Ba6 17. Bxa6 Nxa6 18. Qa4 Nab8 19. Rc2 Re8 20. Rfc1 Re6 21.
Nf4 Rh6 22. e6 Qd6 23. exf7+ Kxf7 24. g3 Rf6 25. Kg2 g5 26. Nd3 h6 27. Ne5+ Nxe5
28. dxe5 Qxe5 29. Qxa7+ Nd7 30. Qxd7+ Kg6 31. Qxc8 Qe2+ 32. Kh3 Qxf3 33. Qg8+
Kh5 34. Qe8+ Rg6 35. Rc6 g4# {White checkmated} 0-1

[Event "Team 45 45 League T92"]
[Site "Internet Chess Club"]
[Date "2022.05.22"]
[Round "6"]
[White "scostanzo212"]
[Black "fhunfi"]
[Result "0-1"]
[WhiteElo "1555"]
[BlackElo "1718"]
[Opening "Dutch defense, Rubinstein variation"]
[ECO "A40"]
[Time "10:01:48"]
[PlyCount "42"]
[TimeControl "2700+45"]

1. d4 e6 2. c4 f5 3. Nc3 Nf6 4. e3 Be7 5. Bd3 d5 6. Nf3 Ne4 7. Nd2 O-O 8. O-O c6
9. f3 Nxc3 10. bxc3 Bd6 11. f4 Nd7 12. Nf3 Nf6 13. Ne5 Ne4 14. Bb2 Rf6 15. Qh5
Bxe5 16. fxe5 Rh6 17. Qd1 Qh4 18. h3 Ng5 19. Bc1 Nxh3+ 20. gxh3 Qg3+ 21. Kh1
Rxh3# {White checkmated} 0-1

[Event "Team 45 45 League T92"]
[Site "Internet Chess Club"]
[Date "2022.05.24"]
[Round "6"]
[White "fireball"]
[Black "Signofthetimes"]
[Result "0-1"]
[WhiteElo "1535"]
[BlackElo "1486"]
[Opening "Caro-Kann defense"]
[ECO "B10"]
[Time "20:05:04"]
[PlyCount "90"]
[TimeControl "2700+45"]

1. e4 c6 2. Ne2 d5 3. e5 Qb6 4. d4 Bf5 5. Ng3 Bg6 6. h4 h5 7. e6 Nf6 8. exf7+
Bxf7 9. Nc3 Nbd7 10. Nce2 O-O-O 11. Nf4 e6 12. Be2 g6 13. c3 Bd6 14. b4 Qc7 15.
Qd2 Rde8 16. O-O e5 17. dxe5 Bxe5 18. Bf3 Ng4 19. Nge2 Reg8 20. Nd3 Bxc3 21. Qf4
Bxa1 22. Qxc7+ Kxc7 23. Bf4+ Be5 24. Bxg4 Bxf4 25. Bxd7 Kxd7 26. Nexf4 g5 27.
Ne5+ Ke7 28. Nxf7 Kxf7 29. hxg5 Rxg5 30. Nh3 Rg4 31. f4 Rhg8 32. Ng5+ Kf6 33.
Kh2 Kf5 34. Rf2 Rxf4 35. Rxf4+ Kxf4 36. Ne6+ Ke3 37. Nc5 b6 38. Nb3 Kf2 39. Nd4
c5 40. bxc5 bxc5 41. Ne6 c4 42. Nf4 d4 43. Nh3+ Ke3 44. Ng1 d3 45. Nf3 d2 {White
resigns} 0-1

[Event "Team 45 45 League T92"]
[Site "Internet Chess Club"]
[Date "2022.05.23"]
[Round "6"]
[White "tightfist"]
[Black "ChessG2011"]
[Result "1-0"]
[WhiteElo "1491"]
[BlackElo "1410"]
[Opening "Grünfeld with e3 & Qb3"]
[ECO "D95"]
[Time "19:30:57"]
[PlyCount "61"]
[TimeControl "2700+45"]

1. Nf3 Nf6 2. c4 g6 3. d4 Bg7 4. Nc3 d5 5. e3 O-O 6. Qb3 dxc4 7. Bxc4 Nc6 8. Bb5
Na5 9. Qa3 b6 10. b4 a6 11. Be2 Nc6 12. b5 Nb8 13. O-O a5 14. Ne5 Bb7 15. Bf3
Bxf3 16. Nxf3 Nbd7 17. Bb2 e6 18. Rfd1 Re8 19. Rac1 Qe7 20. Qb3 Rac8 21. Ba3 Qd8
22. e4 e5 23. dxe5 Nxe5 24. Rxd8 Nxf3+ 25. gxf3 Rexd8 26. Nd5 Nxd5 27. exd5 Rd7
28. Rd1 Bf8 29. Bxf8 Kxf8 30. Qc3 Rcd8 31. Re1 {Black resigns} 1-0